 Dungeon Crawl Stone Soup version 0.28-a0-793-g31680bbd8b (webtiles) character file.

Game seed: 13626620581740985985

3 kae the Caller (level 1, -2/9 HPs)
             Began as a Vine Stalker Summoner on Nov 4, 2021.
             Slain by a kobold (5 damage)
             ... on level 1 of the Dungeon.
             The game lasted 00:00:08 (300 turns).

kae the Caller (Vine Stalker Summoner)               Turns: 300, Time: 00:00:09

Health: -2/9       AC:  2    Str: 10    XL:     1   Next: 50%
Magic:  0/4        EV: 12    Int: 15    God:
Gold:   0          SH:  0    Dex: 14    Spells: 3/4 levels left

rFire   . . .      SeeInvis .   (no weapon)
rCold   . . .      Faith    .   (no shield)
rNeg    . . .      Spirit   +   a - +0 robe
rPois   .          Reflect  .   (no helmet)
rElec   .          Harm     .   (no cloak)
rCorr   .          Rampage  .   (no gloves)
Will    .....                   (no boots)
Stlth   ++........              (no amulet)
HPRegen 0.03/turn               (no ring)
MPRegen 0.09/turn               (no ring)

@: no status effects
A: fangs 2, magic shield, antimagic bite, no potion heal 2
a: no special abilities


You were on level 1 of the Dungeon.
You visited 1 branch of the dungeon, and saw 1 of its levels.

Inventory:

Armour
 a - a +0 robe (worn)
Scrolls
 b - a scroll of amnesia {unknown}


   Skills:
 + Level 0.2 Fighting
 - Level 1.5 Dodging
 - Level 2.4 Stealth
 + Level 2.2 Spellcasting
 * Level 4.1 Summonings


You had 3 spell levels left.
You knew the following spells:

 Your Spells              Type           Power      Damage    Failure   Level
a - Summon Small Mammal   Summ           52%        N/A       4%          1

Your spell library contained the following spells:

 Spells                   Type           Power      Damage    Failure   Level
 Call Imp                 Summ           13%        N/A       6%          2
 Call Canine Familiar     Summ           13%        N/A       12%         3
 Summon Guardian Golem    Hex/Summ       7%         N/A       28%         3
 Summon Lightning Spire   Summ/Air       7%         N/A       67%         4


Dungeon Overview and Level Annotations

Branches:
Dungeon (1/15)

Altars:


Innate Abilities, Weirdness & Mutations

You have extremely sharp teeth.
When hurt, damage is shared between your health and your magic reserves.
Your bite disrupts and absorbs the magic of your enemies.
Potions cannot restore your health.


Message History

Your quokka bites the goblin.
The goblin hits your quokka with a +0 club.
You swap places.
The goblin barely misses you.
You barely miss the goblin. You bite the goblin.
You kill the goblin!
You see here a +0 club.
Your quokka disappears in a puff of smoke!
Key pressed, stopping explore.
No target in view!
No target in view!
A kobold comes into view. It is wielding a +0 short sword.
A kobold comes into view. It is wielding a +0 whip.
Found a robe.
Found a ring mail.
There are monsters nearby!
There are monsters nearby!
Casting: Summon Small Mammal (safe; 4% risk of failure)
Confirm with . or Enter, or press ? or * to list all spells.
The kobold hits your bat with a +0 short sword.
Your bat dies!
Your bat's corpse disappears in a puff of smoke!
A quokka comes into view.
The quokka barely misses you. The quokka closely misses you.
You hit the kobold but do no damage. The kobold barely misses you.
The quokka bites you.
There are monsters nearby!
You are too injured to fight recklessly!
You are too injured to fight recklessly!
There are monsters nearby!
You are too injured to fight recklessly!
You are too injured to fight recklessly!
You barely miss the quokka. Your bite misses the quokka.
The kobold barely misses you. The quokka closely misses you.
Casting: Summon Small Mammal (safe; 4% risk of failure)
Confirm with . or Enter, or press ? or * to list all spells.
The kobold misses you. The quokka bites you. The quokka barely misses you.
The kobold hits you with a +0 short sword.
Ouch! That really hurt!
You die...

.##?......# #....#
[K..#.....# #....####
#.8.##....####........
..[#....##.+....#### #
##K#....##.#....+...
#.###..........#....#...
...................>....
.....r.......#########..
#......@####............
#.....Kr# ########.#.##
###...... ........).##
#.......# ..........##
#.......# #..........#.
.........###.......>..#.
#.................#'#)#.
#....###..........#.#.#.
.........#.#.#.


You could see a quokka, 2 kobolds and a friendly quokka (summoned).

Vanquished Creatures
  A hobgoblin (D:1)
  A kobold (D:1)
  A goblin (D:1)
3 creatures vanquished.

Notes
Turn   | Place    | Note
-------+----------+-------------------------------------------
     0 | D:1      | kae the Vine Stalker Summoner began the quest for the Orb.
     0 | D:1      | Reached XP level 1. HP: 9/9 MP: 4/4
   300 | D:1      | Slain by a kobold

Illustrated notes

Levels and vault maps discovered:
D:1:      scummos_arrival_checkerplants, layout_basic, minmay_pentomino_s4

Action                   || total
-------------------------++-------
Melee: Unarmed           ||     9
       Bite              ||     3
 Cast: Summon Small Mamm ||     5
Dodge: Dodged            ||    10

Table legend: (Time is in decaauts)
 A = Elapsed time spent in this place.
 B = Non-inter-level travel time spent in this place.
 C = Inter-level travel time spent in this place.
 D = Time resting spent in this place.
 E = Time spent auto-exploring this place.
 F = Levels seen in this place.
 G = Mean time per level.
                   A        B        C        D        E       F      G
               +--------+--------+--------+--------+--------+-----+--------+
         Total |    300 |    300 |      0 |      0 |    262 |   1 |  300.0 |
       Dungeon |    300 |    300 |      0 |      0 |    262 |   1 |  300.0 |
               +--------+--------+--------+--------+--------+-----+--------+

Top non-repeatable levels by time:
     D:1: 300 daAuts
